 Dungeon Crawl Stone Soup version 0.29.1-15-g9cfb28693d (webtiles) character file.

Game seed: 13325484752926825635

39 coffeetime the Trooper (level 3, -1/51 HPs)
             Began as a Minotaur Berserker on July 9, 2023.
             Was a Follower of Trog.
             Succumbed to a gnoll's poison
             ... on level 2 of the Dungeon on July 10, 2023.
             The game lasted 00:02:23 (826 turns).

coffeetime the Trooper (Minotaur Berserker)          Turns: 826, Time: 00:02:23

Health: -1/51      AC:  2    Str: 23    XL:     3   Next: 26%
Magic:  2/2        EV: 12    Int:  4    God:    Trog [*.....]
Gold:   64         SH:  5    Dex:  9    Spells: 2/2 levels left

rFire   . . .      SeeInvis .   a - +0 hand axe
rCold   . . .      Faith    .   (no shield)
rNeg    . . .      Spirit   .   b - +0 animal skin
rPois   .          Reflect  +   (helmet restricted)
rElec   .          Harm     .   p - scarf {repulsion}
rCorr   .          Rampage  .   (no gloves)
Will    .....                   (no boots)
Stlth   ..........              i - amulet of reflection
HPRegen 0.17/turn               (no ring)
MPRegen 0.08/turn               (no ring)

@: berserking, lethally poisoned (-1 -> -18), repel missiles, very quick
A: horns 2, retaliatory headbutt
a: Renounce Religion, Berserk


You were on level 2 of the Dungeon.
You worshipped Trog.
Trog was aware of your devotion.
You visited 1 branch of the dungeon, and saw 2 of its levels.

You collected 64 gold pieces.

Inventory:

Hand Weapons
 a - a +0 hand axe (weapon)
Missiles
 e - 24 stones (quivered)
 f - 2 boomerangs
 j - 6 poisoned darts
Armour
 b - a +0 animal skin (worn)
 p - a scarf of repulsion (worn)
Jewellery
 i - an amulet of reflection (around neck)
Scrolls
 c - 3 scrolls of identify {unknown}
 d - a scroll of noise {unknown}
 g - 2 scrolls of teleportation {unknown}
 h - a scroll of brand weapon {unknown}
 o - a scroll of butterflies {unknown}
Potions
 k - a potion of degeneration {unknown}
 l - a potion of resistance {unknown}
 m - 2 potions of invisibility {unknown}
 n - a potion of lignification {unknown}


   Skills:
 + Level 4.5 Fighting
 - Level 4.0 Axes
 + Level 2.6 Armour
 + Level 2.8 Dodging
 + Level 0.1 Stealth


You had 2 spell levels left.
You didn't know any spells.
Your spell library was empty.

Dungeon Overview and Level Annotations

Branches:
Dungeon (2/15)

Altars:

Shops:
D:2 =


Innate Abilities, Weirdness & Mutations

You have a pair of horns on your head.
You reflexively headbutt those who attack you in melee.


Message History

You feel stronger. x2
You start putting on your armour.
You continue putting on your scarf of repulsion. x4
You finish putting on your scarf of repulsion.
You are surrounded by a repulsion field.
Unknown command.
You slash the gnoll!
The gnoll is severely wounded.
The gnoll barely misses you.
The gnoll hits you with a +0 whip of venom.
You are poisoned.
You closely miss the gnoll.
The gnoll is severely wounded.
You feel very sick. The gnoll closely misses you.
You barely miss the gnoll.
The gnoll is severely wounded.
You feel sick.
The gnoll hits you with a +0 whip of venom.
You are lethally poisoned!
A red film seems to cover your vision as you go berserk!
You feel yourself moving faster!
You feel mighty!
You feel very sick.
The gnoll hits you with a +0 whip of venom!
* * * LOW HITPOINT WARNING * * *
You are more poisoned.
You slash the gnoll!
You kill the gnoll!
Trog accepts your kill.
* * * LOW HITPOINT WARNING * * *
You feel very sick.
* * * LOW HITPOINT WARNING * * *
You feel very sick.
You see here a +0 whip of venom.
You are too berserk!
Okay, then.
You feel a strong urge to attack something.
* * * LOW HITPOINT WARNING * * *
You feel very sick.
You die...

##...†.## #.......#
#.. #.##.##.###.#
#.##.##.#...##.#
#...)...#.#.##.#
....##.#..#.#.##.# #
#.##.#....#....#
#<.....#######.#######
#.####....#.@...(....#
#.####..#.#.###.####.#
#.......#.#.# .#
#######.#...# .#
#.##### .# ##.## g#
#...# .. #...# #.
#...#


There were no monsters in sight!

Vanquished Creatures
  A gnoll (D:2)
  A dart slug (D:1)
  4 endoplasms
  A giant cockroach (D:1)
  2 hobgoblins
  A quokka (D:1)
  A ball python (D:1)
  3 bats (D:1)
  2 frilled lizards
  5 kobolds
  6 rats
27 creatures vanquished.

Notes
Turn   | Place    | Note
-------+----------+-------------------------------------------
     0 | D:1      | coffeetime the Minotaur Berserker began the quest for the
                  | Orb.
     0 | D:1      | Reached XP level 1. HP: 19/19 MP: 0/0
   178 | D:1      | Reached XP level 2. HP: 23/27 MP: 1/1
   515 | D:2      | Found Sojaplat's Jewellery Emporium.
   800 | D:2      | Reached XP level 3. HP: 31/34 MP: 2/2
   825 | D:2      | HP: 2/51 [poisoned by a gnoll]
   826 | D:2      | Succumbed to a gnoll's poison

Illustrated notes

Levels and vault maps discovered:
D:1:      dpeg_arrival_rooms_c, layout_rooms
D:2:      layout_loops_cross, serial_shops, shop

Skill      XL: |  1  2 |
---------------+-------+-----
Fighting       | 4 |  4.5
Axes           | 4 |  4.0
Armour         | |  2.6
Dodging        | |  2.8
Stealth        | |  0.1

Action                   || total
-------------------------++-------
Melee: Hand axe          ||    48
       Headbutt          ||     4
Invok: Berserk           ||     1
Armor: Animal skin       ||    14
Dodge: Dodged            ||    24
Block: Other             ||     1
